 Dungeon Crawl Stone Soup version 0.31.0-11-ge490571c62 (webtiles) character file.

Game seed: 7126713106684490769

308 Flugkiller the Trooper (level 6, -10/56 HPs)
             Began as a Minotaur Fighter on Jan 29, 2024.
             Was a Believer of Okawaru.
             Succumbed to a gnoll's poison
             ... on level 3 of the Dungeon.
             The game lasted 00:01:41 (2324 turns).

Flugkiller the Trooper (Minotaur Fighter)           Turns: 2324, Time: 00:01:41

Health: -10/56     AC: 11    Str: 22    XL:     6   Next: 17%
Magic:  6/6        EV:  8    Int:  5    God:    Okawaru [**....]
Gold:   145        SH:  4    Dex: 10    Spells: 5/5 levels left

rFire   . . .        a - +1 war axe
rCold   . . .        c - +0 buckler
rNeg    . . .        l - +0 chain mail
rPois   .            (helmet restricted)
rElec   .            g - +1 cloak {Will+}
rCorr   .            (no gloves)
SInv    +            (no boots)
Will    +....        b - amulet of faith Stlth
                     i - ring of see invisible
HPRegen 0.29/turn    (no ring)
MPRegen 0.10/turn

%: faith
@: lethally poisoned (-10 -> -47), slowed, very slow
A: horns 2, retaliatory headbutt
a: Renounce Religion, Heroism


You were on level 3 of the Dungeon.
You worshipped Okawaru.
Okawaru was pleased with you.
You visited 1 branch of the dungeon, and saw 4 of its levels.

You collected 145 gold pieces.

Inventory:

Hand Weapons
 a - a +1 war axe (weapon)
Missiles
 f - a throwing net (quivered)
Armour
 c - a +0 buckler (worn)
 g - a +1 cloak of willpower (worn)
   (You found it on level 1 of the Dungeon)
 l - a +0 chain mail (worn)
   (You took it off a hobgoblin on level 1 of the Dungeon)
Jewellery
 b - an amulet of faith (around neck)
   (You found it on level 3 of the Dungeon)
 i - a ring of see invisible (left hand)
   (You found it on level 2 of the Dungeon)
Wands
 k - a wand of iceblast (7)
   (You found it on level 2 of the Dungeon)
Scrolls
 e - a scroll of vulnerability
 j - a scroll of silence
 m - 2 scrolls of enchant armour
 n - a scroll of fog
 r - a scroll of identify
Potions
 d - a potion of might
 h - a potion of haste


   Skills:
 * Level 5.4 Fighting
 * Level 4.8 Axes
 + Level 4.6 Armour
 + Level 4.6 Shields
 + Level 1.3 Invocations


You had 5 spell levels left.
You didn't know any spells.
Your spell library contained the following spells:

 Spells                   Type           Power      Damage    Failure   Level
 Magic Dart               Conj           0%         1d3       99%         1
 Necrotise                Necr           0%         1d4       99%         1
 Searing Ray              Conj           0%         2d4       99%         2
 Vampiric Draining        Necr           0%         2d6       100%        3
 Fulminant Prism          Conj/Alch      0%         3d5       100%        4
 Vhi's Electric Charge    Tloc/Air       0%         N/A       100%        4
 Arcjolt                  Conj/Air       0%         1d10      100%        5
 Curse of Agony           Necr           0%         N/A       100%        5
 Plasma Beam              Fire/Air       0%         2x1d10    100%        6
 Martyr's Knell           Necr/Summ      Unusable   N/A       N/A         4

Dungeon Overview and Level Annotations

Branches:
Dungeon (4/15)
 Temple: D:4-7

Altars:
Okawaru


Innate Abilities, Weirdness & Mutations

You have a pair of horns on your head.
You reflexively headbutt those who attack you in melee.


Message History

Okawaru accepts your kill.
No target in view!
No target in view!
No target in view!
No target in view!
No target in view!
Magic restored.
f - a throwing net
There is an escape hatch in the ceiling here.
A ball python comes into view.
The ball python hisses angrily.
A ball python is nearby!
A ball python is nearby!
A ball python is nearby!
You closely miss the ball python.
The ball python bites you but does no damage.
The ball python closely misses you.
You hit the ball python.
You kill the ball python!
No target in view!
No target in view!
A goblin comes into view. It is wielding a +0 club.
The goblin shouts!
You hear an angry hiss.
A goblin is nearby!
A goblin is nearby!
You slash the goblin!
You kill the goblin!
Okawaru accepts your kill.
No target in view!
No target in view!
No target in view!
No target in view!
No target in view!
You now have 145 gold pieces (gained 17).
Things that are here:
a +0 club; a +0 ring mail; a goblin corpse
Found a ring mail.
No target in view!
m - 3 scrolls labelled OSYNGO RYGU No target in view!
You see here a +0 ring mail.
A kobold brigand and a gnoll come into view.
The kobold brigand is wielding a +0 whip and quivering curare-tipped darts.
The gnoll is wielding a +0 whip of venom.
The kobold brigand shouts!
The gnoll shouts!
You hear a shout!
The kobold brigand throws a curare-tipped dart.
The curare-tipped dart hits you.
You are poisoned.
You have difficulty breathing.
You feel yourself slow down.
You feel very sick.
You feel sick.
You barely miss the gnoll. You headbutt the gnoll.
The gnoll is lightly wounded.
You feel sick.
The gnoll hits you with a +0 whip of venom.
You are more poisoned.
You block the gnoll's attack.
The gnoll hits you with a +0 whip of venom.
You are more poisoned.
You closely miss the gnoll.
The gnoll is lightly wounded.
You hit the kobold brigand but do no damage.
You feel extremely sick.
The kobold brigand hits you but does no damage.
The gnoll hits you but does no damage.
You are more poisoned.
The kobold brigand barely misses you.
You slash the gnoll!
The gnoll is severely wounded.
You hit the kobold brigand but do no damage.
You feel extremely sick.
The gnoll hits you with a +0 whip of venom.
The kobold brigand barely misses you. You furiously retaliate!
You headbutt the kobold brigand!
The gnoll hits you with a +0 whip of venom.
* * * LOW HITPOINT WARNING * * *
You are lethally poisoned!
The kobold brigand hits you with a +0 whip.
* * * LOW HITPOINT WARNING * * *
You are too injured to fight recklessly!
You are too injured to fight recklessly!
You are too injured to fight recklessly!
You are too injured to fight recklessly!
Okay, then.
As you read the scroll labelled OSYNGO RYGU, it crumbles to dust.
It is a scroll of enchant armour.
Your +0 cloak of willpower glows green for a moment.
* * * LOW HITPOINT WARNING * * *
You feel extremely sick.
The gnoll hits you with a +0 whip of venom.
* * * LOW HITPOINT WARNING * * *
You are more poisoned.
You block the kobold brigand's attack. The gnoll hits you but does no damage.
You are more poisoned.
The kobold brigand hits you with a +0 whip.
* * * LOW HITPOINT WARNING * * *
Unknown command.
You completely miss the kobold brigand.
The kobold brigand is moderately wounded.
You hit the gnoll.
You die...

#..#.........##)##........#######
................##.)..)†..#
.........#................#
.##..........#####.....>>.#
..<......#.#...###........#
..##.#.#.#.#...#..........#######
.. #...).#.......#........##....#
# ###.#.#.....gK###########....#
...#.......(@)## #######....#
#####...........###..........#
##<....).......##.....[.####
##...............#.......#
##.................##...###
##...................#...#
.##........................#
...........................#
##.........................#


You could see a kobold brigand and a gnoll.

Vanquished Creatures
  A howler monkey (D:3)
  A hound (D:3)
  Crazy Yiuf (D:2)
  A sleepcap (D:4)
  Terence (D:2)
  Robin (D:4)
  2 gnolls (D:3)
  2 adders (D:2)
  2 dart slugs (D:1)
  5 orcs (D:3)
  7 endoplasms
  2 giant cockroaches (D:1)
  13 goblins
  10 hobgoblins
  15 jackals (D:3)
  4 kobolds
  3 quokkas
  4 ball pythons
  7 bats
  2 frilled lizards (D:2)
  6 rats
90 creatures vanquished.

Notes
Turn   | Place    | Note
-------+----------+-------------------------------------------
     0 | D:1      | Flugkiller the Minotaur Fighter began the quest for the
                  | Orb.
     0 | D:1      | Reached XP level 1. HP: 19/19 MP: 0/0
    61 | D:1      | Reached XP level 2. HP: 26/27 MP: 1/1
    94 | D:1      | Reached skill level 4 in Fighting
   215 | D:1      | Reached XP level 3. HP: 33/33 MP: 2/2
   645 | D:2      | Noticed Terence
   663 | D:2      | HP: 1/34 [Terence/+1 trident of freezing (1)]
   665 | D:2      | Killed Terence
   666 | D:2      | Reached XP level 4. HP: 2/41 MP: 3/3
   855 | D:2      | Found a faded altar of an unknown god.
   876 | D:2      | Prayed at the altar of an unknown god.
   876 | D:2      | Became a worshipper of Warmaster Okawaru
   876 | D:2      | Reached * piety under Okawaru
   967 | D:2      | Identified the +8 dagger "Ynnoaz" {freeze, rElec rPois rC+
                  | Dex-4}
  1119 | D:2      | Found a runed translucent door.
  1121 | D:2      | Noticed Crazy Yiuf
  1126 | D:2      | Killed Crazy Yiuf
  1784 | D:3      | Reached XP level 5. HP: 47/47 MP: 4/4
  1866 | D:4      | Noticed Robin
  1876 | D:4      | Reached skill level 5 in Fighting
  1882 | D:4      | Killed Robin
  1895 | D:3      | Reached skill level 1 in Invocations
  2101 | D:3      | Reached ** piety under Okawaru
  2102 | D:3      | Reached XP level 6. HP: 50/56 MP: 5/5
  2324 | D:3      | Succumbed to a gnoll's poison

Illustrated notes

Levels and vault maps discovered:
D:1:      lightli_arrival_noodles, layout_basic, minmay_tall_x
D:2:      layout_loops_cross, dreamdust_ecumenical_altar_statues,
          minmay_diced_spiral, uniq_crazy_yiuf_cottage, uniq_terence
D:3:      lemuel_castle_with_subvaults [lemuel_castle_interior_carwin_2],
          layout_basic, ashenzari_conservatory_becter, uniq_natasha
D:4:      minmay_bubble_buster, layout_cave_pools,
          nicolae_uskayaw_murder_on_the_dancefloor, serial_co_window_serial,
          co_window_of_opportunity_a, co_window_cross_1,
          co_window_of_opportunity_a, co_window_paths_a,
          co_window_of_opportunity_a, co_window_unsneaky_path_e,
          co_window_2corner, co_window_2corner, co_window_2corner,
          co_window_broadway_c, co_window_paths_e, glass_columns_a,
          glass_columns_b, glass_columns_b, glass_columns_a, glass_columns_c,
          uniq_robin, uniq_menkaure

Skill      XL: |  1  2  3  4  5 |
---------------+----------------+-----
Axes           | 3 4 |  4.8
Fighting       | 4 5 |  5.4
Shields        | 4 |  4.6
Armour         | 4 |  4.6
Invocations    | 1 |  1.3

Action                     |  1- 3 |  4- 6 || total
---------------------------+-------+-------++-------
  Melee: War axe           |    80 |    85 ||   165
         Headbutt          |     8 |    16 ||    24
    Use: Potion            |     1 |     4 ||     5
         Scroll            |       |     5 ||     5
 Armour: Scale mail        |    46 |       ||    46
         Chain mail        |    23 |    97 ||   120
  Dodge: Dodged            |    40 |    53 ||    93
  Block: Buckler           |    22 |    29 ||    51
